[Event "*** Titled Tuesday Blitz"]
[Site "Chess.com"]
[Date "2021.03.02"]
[Round "9"]
[White "PushingpawnsNYC"]
[Black "woodhy"]
[Result "0-1"]
[WhiteElo "2312"]
[BlackElo "2466"]
[TimeControl "180+1"]
[EndTime "11:48:42 PST"]
[Termination "woodhy won by resignation"]

1. e4 e6 2. d4 d5 3. Bd3 Nf6 4. e5 Nfd7 5. f4 c5 6. c3 Nc6 7. Nf3 Qb6 8. Bc2 cxd4 9. cxd4 Nb4 10. Nc3 Nxc2+ 11. Qxc2 Nb8 12. O-O Bd7 13. f5 Nc6 14. fxe6 Bxe6 15. Be3 Be7 16. Rad1 O-O 17. Ne2 Rac8 18.
Qb1 Nb4 19. Rd2 Rc7 20. a3 Nc6 21. Nf4 Na5 22. Nxe6 Qxe6 23. Bg5 Nc4 24. Re2 Qg4 25. Bxe7 Rxe7 26. h3 Qh5 27. Qd3 h6 28. Ref2 Rc8 29.
Nh2 Qg5 30. Ng4 h5 31. Rf5 Qd2 32. Nf6+ gxf6 33. Qg3+ Kf8 34. R1f2 Qh6 35. Rxf6 Qe3 36. Qg6 Nxe5 37. dxe5 Rc1+ 38. Kh2 Qxe5+ 39. Qg3 Rh1+ 40. Kxh1 Qxg3 41. Rf1 Re2 42. Rxf7+ Kg8 43. Rf8+ Kh7 44. R1f7+ Kg6 45. Rg8+ Kxf7 46. Rxg3 Rxb2 47. Rf3+ Ke6 48. Rg3 d4 49. Rg6+ Kf5 50. Rg8 Ke4 51. Re8+ Kd3 52. Kh2 Kc3 53. Rc8+ Kd2 54. Rc7 d3 55. Rf7 Ke1 56.
Re7+ Kd1 57. Re5 d2 58. Rxh5 Rc2 59. Re5 Kc1 60. Rd5 d1=Q 61. Rxd1+ Kxd1 62. Kg3 Ke2 63. Kg4 Kf1 64. g3 Kg2 65. h4 Rc4+ 66. Kf5 Kxg3 67. h5 Kh4 68. h6 Rc6 69. h7 Rh6 70. a4 Rxh7 71. Ke5 Rh6 72. Kd5 Ra6 73. Kc4 Rxa4+ 74. Kb5 Ra6 75. Kc5 Rb6 0-1

[Event "*** Titled Tuesday Blitz"]
[Site "Chess.com"]
[Date "2021.03.02"]
[Round "9"]
[White "Aslanov_Umid"]
[Black "Make_it_shine060"]
[Result "1-0"]
[WhiteElo "2400"]
[BlackElo "2253"]
[TimeControl "180+1"]
[EndTime "11:48:46 PST"]
[Termination "Aslanov_Umid won by resignation"]

1. e4 c5 2. Nf3 d6 3. d4 cxd4 4.
Nxd4 Nf6 5. Nc3 Nc6 6. Bc4 e6 7. O-O Be7 8. Be3 O-O 9. f3 a6 10.
Nce2 Bd7 11. Bb3 b5 12. Qe1 Rc8 13. c3 Ne5 14. h3 a5 15. f4 Nc4 16. Bxc4 bxc4 17.
Ng3 Qc7 18. Bd2 Rb8 19. Rb1 Bc6 20. e5 Nd5 21. Nh5 g6 22. Ng3 Bh4 23. Nf3 Be7 24. h4 h5 25. Kh2 dxe5 26. Nxe5 Bd6 27. Qe2 Nf6 28. Nxc4 Ng4+ 29. Kh1 Bc5 30. Ne5 Qe7 31. Nxg4 Qxh4+ 32. Nh2 Qxg3 33. Be1 Qe3 34. Qxe3 Bxe3 35.
Bf2 Bxf4 36. Nf3 Rbd8 37. Bb6 Rd3 38. Rbd1 Rxd1 39. Rxd1 g5 40. Bc5 Re8 41. b4 g4 42.
Nd4 axb4 43. cxb4 Be4 44. b5 h4 45. Ne2 Bc7 46. b6 Bb8 47. Nc3 Bb7 48. Rd7 Bc6 49. Rd4 f5 50. Bd6 h3 51. Bxb8 hxg2+ 52. Kg1 Rxb8 53.
Rb4 Rd8 54. a4 Rd2 55. b7 Rf2 56. b8=Q+ Kg7 57. Qe5+ Kh7 58. Rb1 Rf1+ 59. Rxf1 gxf1=Q+ 60. Kxf1 1-0

[Event "*** Titled Tuesday Blitz"]
[Site "Chess.com"]
[Date "2021.03.02"]
[Round "9"]
[White "googlegoom"]
[Black "frankshar"]
[Result "1/2-1/2"]
[WhiteElo "2464"]
[BlackElo "2349"]
[TimeControl "180+1"]
[EndTime "11:48:50 PST"]
[Termination "Game drawn by repetition"]

1. Nf3 Nf6 2. b3 e6 3. Bb2 d5 4. e3 Be7 5. Be2 O-O 6. O-O b6 7. d4 c5 8. Nbd2 Bb7 9. c4 cxd4 10. Nxd4 Nc6 11. Rc1 Rc8 12. h3 Qd7 13. Nxc6 Bxc6 14. Rc2 Rfd8 15. Qa1 Qb7 16. Bf3 dxc4 17. Rxc4 Bxf3 18.
Rxc8 Rxc8 19. Nxf3 Ne8 20. Rc1 Bf6 21. Bd4 Bxd4 22. Nxd4 Nd6 23. Qb2 h6 24. Rxc8+ Qxc8 25. Qa3 Qc7 26. Qa4 g6 27. g3 h5 28. h4 Nf5 29.
Nc6 a5 30. Qe4 Qd6 31. Qc4 Qd1+ 32. Kg2 Qd2 33. Qf4 Qxa2 34. Qb8+ Kg7 35. Qxb6 a4 36. bxa4 Qxa4 37. Nd8 Qe4+ 38. Kg1 Qd5 39. Qc7 e5 40. Nc6 e4 41. Qe5+ Qxe5 42. Nxe5 Kf6 43. Nc4 Ke6 44. Kf1 Nd6 45. Nb6 f5 46. Ke2 Nf7 47. Kd2 Ne5 48. Na4 Ng4 49. Ke2 Ne5 50. Nc5+ Kd5 51. Nb3 Ke6 52. Nd4+ Kf6 53. Nc2 Ke6 54. Ne1 Kf6 55. Ng2 Ke6 56. Nf4+ Kf6 57. Kd2 Ng4 58. Nh3 Ne5 59. Kc3 Ke6 60. Kd2 Kf6 61. Ke2 Ng4 62. Ng5 Ne5 63. Nh7+ Kg7 64. Ng5 Kf6 65. Nh3 Ng4 66. Nf4 Ne5 67. Nd5+ Ke6 68. Nc3 Kf6 69. Nd1 Ke6 70. Kd2 Kd5 71. Nc3+ Ke6 72. Ne2 Ng4 73.
Ke1 Kf6 74. Nf4 Ne5 75. Ke2 Ng4 76. Nd5+ Ke6 77. Nc3 Kf6 78. f3 exf3+ 79. Kxf3 Ke5 80. Ne2 Kf6 81. Nf4 Ne5+ 82. Ke2 Ng4 83. Nd5+ Ke5 84. Nf4 Kf6 85. Ng2 Ke5 86. Nf4 Kf6 1/2-1/2

[Event "*** Titled Tuesday Blitz"]
[Site "Chess.com"]
[Date "2021.03.02"]
[Round "9"]
[White "NiranjanNavalgund"]
[Black "Kale36"]
[Result "1-0"]
[WhiteElo "2437"]
[BlackElo "2297"]
[TimeControl "180+1"]
[EndTime "11:48:50 PST"]
[Termination "NiranjanNavalgund won by checkmate"]

1. e4 Nc6 2. Nf3 d6 3. Nc3 g6 4.
h4 Bg4 5. Be2 Bg7 6. d3 e6 7. Bg5 Nge7 8. Qd2 h6 9. Be3 d5 10.
exd5 Nxd5 11. Nxd5 Qxd5 12. c4 Qd7 13. O-O O-O-O 14. b4 Bxf3 15. Bxf3 Qxd3 16. Qxd3 Rxd3 17. Rab1 Ra3 18. Rfd1 Rd8 19. Rxd8+ Kxd8 20. Rd1+ Ke8 21. b5 Nd8 22. c5 Rxa2 23. Kh2 Rb2 24. c6 Rxb5 25.
cxb7 c6 26. Bxa7 Rxb7 27. Bc5 Be5+ 28. g3 Bc7 29. Be3 h5 30. Kg2 Bb6 31. Bg5 Rd7 32.
Rb1 Bc7 33. Ra1 f5 34. Ra8 Kf7 35. Rc8 c5 36. Be2 Nc6 37. Bb5 Na7 38. Bxd7 Nxc8 39.
Bxc8 e5 40. Ba6 e4 41. Bc4+ Ke8 42. Kf1 Be5 43. Ke2 Bd4 44. Be6 Kf8 45. Be3 Ke7 46.
Bc4 Kf6 47. Bg5+ Kg7 48. f3 exf3+ 49. Kxf3 Be5 50. Be7 Bd4 51. Bd6 Kf6 52. Bf4 Kg7 53.
Bg5 Be5 54. Be3 Bd6 55. Bf2 Kf6 56. Bd5 g5 57. hxg5+ Kxg5 58. Be3+ f4 59. gxf4+ Bxf4 60. Bxf4+ Kf5 61. Bc4 h4 62. Bf1 Ke6 63. Ke4 Kf6 64. Bc4 h3 65. Bf1 c4 66. Bxh3 c3 67. Be5+ Kg5 68.
Bxc3 Kh4 69. Bf5 Kg3 70. Be5+ Kf2 71. Bf4 Ke2 72. Bg4+ Kf2 73. Kd3 Kg1 74. Ke3 Kf1 75. Bg3 Kg1 76. Bf2+ Kf1 77. Bh3# 1-0

[Event "*** Titled Tuesday Blitz"]
[Site "Chess.com"]
[Date "2021.03.02"]
[Round "9"]
[White "maxip32"]
[Black "eCztery"]
[Result "1/2-1/2"]
[WhiteElo "2515"]
[BlackElo "2399"]
[TimeControl "180+1"]
[EndTime "11:48:52 PST"]
[Termination "Game drawn - insufficient material"]

1. e4 c5 2. Nf3 g6 3. d4 cxd4 4. Nxd4 Nf6 5. Nc3 Nc6 6. Nxc6 bxc6 7. e5 Ng8 8. f4 Bg7 9. Be3 Nh6 10. Bc4 O-O 11. O-O d5 12. exd6 exd6 13. Bd4 Bxd4+ 14. Qxd4 Nf5 15. Qf2 d5 16. Bd3 d4 17. Ne4 Ne3 18. Rfe1 Bf5 19. Ng3 Bxd3 20. cxd3 f5 21. Rac1 Qd5 22.
b3 Rfe8 23. Nf1 Ng4 24. Qf3 Qxf3 25. gxf3 Rxe1 26. Rxe1 Nf6 27. Re6 Nd5 28. Rxc6 Nxf4 29. Rd6 Rc8 30. Kf2 Nxd3+ 31. Kg3 Rc1 32. Rxd4 f4+ 33.
Kh4 Ne5 34. Nd2 Rd1 35. Kh3 Kf7 36. Rxf4+ Ke6 37. Rd4 Kf5 38. Kg2 g5 39. h3 h5 40.
b4 h4 41. Nb3 Rb1 42. Rd2 Nc4 43. Re2 a6 44. Nd4+ Kf6 45. Re6+ Kf7 46. Rxa6 Rxb4 47.
Nc6 Rb2+ 48. Kf1 Ne3+ 49. Ke1 Rh2 50. Ne5+ Ke7 51. Rg6 Rxh3 52. Rxg5 Rh2 53. Nd3 h3 54. Re5+ Kd6 55. Rxe3 Rxa2 56. Re2 h2 57. Nf2 Ra1+ 58. Kd2 Rf1 59. Ke3 Rxf2 60. Re1 Rb2 61. f4 Ke6 62.
Kf3+ Kf5 63. Kg3 Re2 64. Rf1 Rd2 65. Rh1 Rd3+ 66. Kxh2 Kxf4 67. Rf1+ Ke3 68. Rg1 Kf2 69. Rg2+ Kf1 70. Rg1+ Kf2 71. Rg2+ Ke1 72. Rg1+ Kd2 73.
Rg2+ Kc3 74. Rg3 Kd4 75. Rxd3+ Kxd3 1/2-1/2

[Event "*** Titled Tuesday Blitz"]
[Site "Chess.com"]
[Date "2021.03.02"]
[Round "9"]
[White "SilviusTiberius"]
[Black "kuba2006"]
[Result "0-1"]
[WhiteElo "2495"]
[BlackElo "2395"]
[TimeControl "180+1"]
[EndTime "11:48:52 PST"]
[Termination "kuba2006 won by resignation"]

1. e4 Nf6 2. e5 Nd5 3. d4 d6 4. c4 Nb6 5. exd6 exd6 6. Nc3 Be7 7. Bd3 O-O 8. Nge2 Bf6 9. O-O Nc6 10. Be3 Nb4 11.
Ng3 Nxd3 12. Qxd3 g6 13. Bh6 Re8 14. Rae1 Be6 15. b3 d5 16. c5 Nc8 17. Qf3 c6 18. Qf4 Bh8 19. Bg5 Qd7 20. Bf6 Ne7 21. Bxh8 Kxh8 22.
Qf6+ Kg8 23. Nce2 Nf5 24. Nf4 Qd8 25. Qxd8 Raxd8 26. Nxf5 Bxf5 27. h4 f6 28. Re3 Rxe3 29.
fxe3 Re8 30. Kf2 Kf7 31. Rg1 h5 32. b4 b6 33. Rc1 b5 34. Rc3 Ra8 35. Ra3 a6 36.
Ne2 Ke7 37. Ng3 Bc2 38. Rc3 Bb1 39. a3 a5 40. Rc1 Bd3 41. Rc3 Be4 42. Nxe4 dxe4 43.
d5 cxd5 44. c6 axb4 45. axb4 Rc8 46. Rc5 Kd6 47. Rxb5 Rxc6 48. Kg3 Ke5 49. Rb7 Rc3 50. Kf2 Rb3 51. b5 f5 52. b6 f4 53. exf4+ Kxf4 54. Rf7+ Ke5 55. b7 Kd4 56. Ke2 Rb2+ 57. Kd1 Kd3 58. Kc1 Rb4 59. Rd7 d4 60. Rc7 e3 61.
Rc6 e2 62. Re6 Rxb7 63. g4 Rc7+ 64. Kb2 hxg4 65. h5 gxh5 66. Kb3 g3 67. Kb4 g2 68. Kb5 g1=Q 69. Kb6 Rc3 70. Re5 Qb1+ 71. Rb5 Qxb5+ 72.
Kxb5 e1=Q 0-1

[Event "*** Titled Tuesday Blitz"]
[Site "Chess.com"]
[Date "2021.03.02"]
[Round "9"]
[White "GasconJR"]
[Black "stepakyedael"]
[Result "1-0"]
[WhiteElo "2453"]
[BlackElo "2322"]
[TimeControl "180+1"]
[EndTime "11:48:53 PST"]
[Termination "GasconJR won by checkmate"]

1. d4 Nf6 2. c4 g6 3. Nc3 Bg7 4. e4 d6 5. Nf3 O-O 6. Be2 Na6 7. O-O e5 8. Be3 h6 9. dxe5 Ng4 10. Bd2 Nxe5 11.
Qc1 Kh7 12. Rd1 c6 13. Bf4 Qe7 14. Qd2 Be6 15. Qxd6 Qxd6 16. Rxd6 Nxc4 17. Bxc4 Bxc4 18. Be5 Nc5 19. Rad1 Rae8 20. Bxg7 Kxg7 21. R6d4 Ba6 22. b4 Ne6 23. Rd7 Nf4 24. Nd4 Kf6 25. a4 Rd8 26. e5+ Kxe5 27. Rxd8 Rxd8 28. Nf3+ Kf6 29. Rxd8 Ne6 30.
Rd6 Bc4 31. b5 Ke7 32. Rd1 cxb5 33. axb5 b6 34. Ne5 Bb3 35. Rd7+ Kf6 36. Nc6 Nc5 37. Rxa7 Bc4 38. f3 g5 39. Nd8 Ke5 40. Nxf7+ Kd4 41. Ne4 Bxb5 42. Nxc5 bxc5 43. Nd6 Bd3 44. Rd7 Ke3 45. Nb7 c4 46. Nc5 Be2 47. Na4 Bd3 48.
Rd6 Ke2 49. Rxh6 Ke3 50. Rd6 Ke2 51. h3 Ke3 52. Kh2 Kf4 53. Rd4+ Ke3 54. Rd5 Kf4 55. g3+ Ke3 56. Rxg5 Kxf3 57. Rc5 Ke3 58. g4 Kd4 59.
Rc7 Ke4 60. Kg3 Ke3 61. h4 Ke2 62. h5 Kd2 63. g5 c3 64. Nxc3 Ke3 65. g6 Kd4 66. g7 Bh7 67. Rc8 Ke5 68. Rh8 Kf6 69. Rxh7 Kf7 70. g8=Q+ Kxg8 71. Rc7 Kf8 72. Nd5 Ke8 73.
h6 Kf8 74. h7 Ke8 75. h8=Q# 1-0

[Event "*** Titled Tuesday Blitz"]
[Site "Chess.com"]
[Date "2021.03.02"]
[Round "9"]
[White "alexrustemov"]
[Black "m_ezat"]
[Result "0-1"]
[WhiteElo "2701"]
[BlackElo "2548"]
[TimeControl "180+1"]
[EndTime "11:48:55 PST"]
[Termination "m_ezat won by resignation"]

1. d4 Nf6 2. c4 g6 3. Nf3 Bg7 4. g3 O-O 5. Bg2 d6 6. Nc3 Nc6 7. O-O Bg4 8. h3 Bxf3 9. Bxf3 Nd7 10. e3 e5 11. dxe5 Ncxe5 12. Be2 Nb6 13. Qb3 a5 14. Nd5 a4 15. Qc2 Nxd5 16. cxd5 a3 17. Kg2 b6 18.
Rb1 axb2 19. Rxb2 Nd7 20. Rb4 Nc5 21. Bb5 Qf6 22. a4 h5 23. Rd1 Qe7 24. Rc4 Ra7 25.
Bc6 Nd7 26. f4 Nc5 27. e4 f5 28. exf5 gxf5 29. h4 Bf6 30. Kf1 Qg7 31. Kf2 Qg6 32. Re1 Kg7 33. Be3 Qg4 34. Bxc5 bxc5 35. Qe2 Rf7 36. Qxg4+ hxg4 37. Ke2 Re7+ 38. Kd2 Rxe1 39.
Kxe1 Bd4 40. Rxd4 cxd4 41. Ke2 Ra6 42. Bb5 Ra8 43. Kd3 Kf6 44. Kxd4 Ke7 45. Kc4 Rh8 46. a5 Kd8 47. Ba6 Rxh4 48. Bb7 Rh1 49. a6 Ra1 50. Kb3 Ke7 51. Kb2 Ra5 52. Kb3 Kd8 53. Kb4 Ra1 54.
Kb5 Kd7 55. Bc6+ Kc8 56. Be8 Kb8 57. Bg6 Ra3 58. Bxf5 Rxg3 59. Be6 Rb3+ 60. Kc6 g3 61. Bh3 Rf3 62. a7+ Kxa7 63. Kxc7 Rxf4 64. Kxd6 Rh4 65.
Bg2 Rh2 66. Bf3 g2 67. Bxg2 Rxg2 68. Kc7 Rc2+ 69. Kd7 Kb7 70. d6 Re2 71. Kd8 Kc6 72. d7 Rd2 0-1

[Event "*** Titled Tuesday Blitz"]
[Site "Chess.com"]
[Date "2021.03.02"]
[Round "9"]
[White "anon219"]
[Black "BogdanDeac"]
[Result "1-0"]
[WhiteElo "2866"]
[BlackElo "2971"]
[TimeControl "180+1"]
[EndTime "11:48:58 PST"]
[Termination "anon219 won on time"]

1. e4 e5 2. Nf3 Nc6 3. Bc4 d6 4. c3 f5 5. d3 Qf6 6. Na3 a6 7.
b4 fxe4 8. dxe4 Bg4 9. b5 Bxf3 10. gxf3 axb5 11. Nxb5 Kd8 12. Be3 Nge7 13. h4 h6 14. h5 g5 15. hxg6 Nxg6 16. Rh5 Nf4 17. Rf5 Ng2+ 18. Ke2 Nxe3 19. Kxe3 Qh4 20. Qd5 Be7 21. Rd1 Rf8 22. Rxf8+ Bxf8 23. Rg1 Qf6 24. Rg8 Rb8 25. Qe6 Qxe6 26. Bxe6 Ke7 27. Bd5 h5 28. Nxc7 Bh6+ 29. Ke2 Rxg8 30. Bxg8 h4 31. Nd5+ Kd7 32.
Bh7 Ne7 33. Ne3 h3 34. Kf1 Bf4 35. Kg1 Nc6 36. Bf5+ Kd8 37. Bxh3 Ne7 38. Kf1 Kc7 39. Ke2 Kc6 40. Kd3 d5 41. Be6 dxe4+ 42. fxe4 Kc5 43.
Bb3 Bxe3 44. Kxe3 Ng6 45. Bd5 b6 46. Bf7 Nf4 47. a4 Kd6 48. Kd2 Kc5 49. Kc2 Nh3 50. f3 Nf4 51. Kb3 Ne2 52. Kc2 Nf4 53. Kd2 Kd6 54. Ke3 Kc5 55. Kf2 Kd6 56. Bc4 Kc5 57. Bb5 Kd6 58. Kg3 Ke6 59. Kg4 Kf6 60. c4 Ne6 61. Bd7 Nc5 62. Bc6 Ne6 63. Bd5 Nc5 64. Bc6 Ne6 65. Bb5 Nf4 66. c5 bxc5 67. a5 Ne6 68. a6 Nc7 69. Bc4 Ke7 70. Kf5 Kd6 71. Kf6 Ne8+ 72. Kg6 Nc7 73. Kf5 Na8 74. a7 Nc7 75.
Bd5 1-0

[Event "*** Titled Tuesday Blitz"]
[Site "Chess.com"]
[Date "2021.03.02"]
[Round "9"]
[White "whogeeyao"]
[Black "MuhittinBuker"]
[Result "0-1"]
[WhiteElo "2367"]
[BlackElo "2153"]
[TimeControl "180+1"]
[EndTime "11:49:07 PST"]
[Termination "MuhittinBuker won by resignation"]

1. e4 e5 2. Nf3 Nc6 3. Bb5 a6 4. Ba4 Nf6 5. O-O Be7 6. d3 b5 7. Bb3 d6 8. a3 O-O 9. Nc3 Be6 10.
Bxe6 fxe6 11. b4 d5 12. Bd2 d4 13. Ne2 a5 14. a4 axb4 15. axb5 Rxa1 16. Qxa1 Nb8 17.
Qa2 Qd6 18. Ng5 Kh8 19. Rb1 b3 20. Qxb3 Ng4 21. Nf3 Nd7 22. h3 Ngf6 23. Qc4 Qb6 24. Ng5 h6 25. Nxe6 Rc8 26. f4 Bd6 27. f5 Ra8 28.
Bb4 Ra4 29. Kh2 Qb7 30. Nd8 Qa8 31. Nf7+ Kh7 32. Nxd6 cxd6 33. Qe6 Ra2 34. Bxd6 Rxc2 35.
Ng3 Qa2 36. Rg1 Qb2 37. Bxe5 Nxe5 38. Qxe5 Rf2 39. b6 Qb4 40. Rf1 Rb2 41. Qf4 Qxb6 42.
Qh4 Qd6 43. Rg1 Qe5 44. Kh1 Rb7 45. Nh5 Nxh5 46. Qxh5 Qf6 47. Qg4 Rb2 48. Rc1 Qa6 49. Rc7 Qf6 50. Kh2 Qe5+ 51. Qg3 Qxg3+ 52. Kxg3 Rd2 53. f6 Rxd3+ 54. Kf2 Re3 55. Rxg7+ Kh8 56. Rd7 Rxe4 57. Kf3 Re3+ 58. Kf4 Re2 59. f7 Kg7 60. g4 Re3 61. h4 Re1 62. g5 hxg5+ 63. hxg5 d3 64. g6 Rf1+ 65. Ke3 Kxg6 66. Kxd3 Rxf7 67. Rd6+ Kg7 68. Rd4 Re7 69. Kc3 Kf7 70. Rh4 Ke8 71. Rh2 Kd7 72. Kd3 Kc7 73. Rh8 Kb7 74. Rh5 Rd7+ 75. Kc4 Rc7+ 76. Kb4 Rg7 77. Ra5 Kb6 78. Kb3 Kxa5 0-1

[Event "*** Titled Tuesday Blitz"]
[Site "Chess.com"]
[Date "2021.03.02"]
[Round "9"]
[White "ellennilssen"]
[Black "Pogosian_Manvel"]
[Result "1-0"]
[WhiteElo "2301"]
[BlackElo "2415"]
[TimeControl "180+1"]
[EndTime "11:49:13 PST"]
[Termination "ellennilssen won by resignation"]

1. c4 e5 2. Nc3 Nf6 3. g3 Nc6 4.
Bg2 Bc5 5. e3 O-O 6. Nge2 a5 7.
O-O Re8 8. d4 exd4 9. exd4 Ba7 10. h3 d6 11. Be3 h6 12. Qc2 Bd7 13. Rad1 Qc8 14. Kh2 Rb8 15. Nf4 Bf5 16. Qc1 Nb4 17. a3 Nc2 18. Nfd5 Nxd5 19. Nxd5 Nxe3 20. fxe3 c6 21.
Nf4 Be4 22. Qd2 Bxg2 23. Nxg2 Re4 24. Qf2 Qe8 25. Rde1 b5 26. cxb5 Rxb5 27. Nh4 g6 28. Nf3 c5 29. dxc5 Bxc5 30. Nd4 Bxd4 31. exd4 Rxb2 32. Qxb2 Rxe1 33. Rxe1 Qxe1 34. Qb8+ Kg7 35. Qxd6 Qf2+ 36. Kh1 Qf1+ 37. Kh2 Qf2+ 38. Kh1 Qf1+ 39.
Kh2 a4 40. Qe5+ Kh7 41. Qe3 Qd1 42. Qf4 Kg8 43. Qb8+ Kh7 44. Qf4 Qc2+ 45. Kh1 Qb3 46. Kg2 h5 47. Kh1 Kg7 48. Qe5+ Kh7 49. Qf4 Kg7 50.
Qe5+ f6 51. Qe7+ Qf7 52. Qe4 Qd7 53. Kh2 Kf7 54. d5 Qd6 55. Qxa4 Qxd5 56. Qa7+ Ke6 57. Qb6+ Qd6 58. Qe3+ Kf7 59. Qa7+ Kg8 60. Qa8+ Kh7 61. Qb7+ Kh6 62. Qb2 h4 63. Qf2 g5 64. Kg2 Qd5+ 65.
Kh2 Qd6 66. Kg2 Kg6 67. gxh4 Qd5+ 68. Kh2 Qe5+ 69. Kg2 Qe4+ 70. Kh2 gxh4 71. Qg2+ Qxg2+ 72. Kxg2 Kf5 73. Kf3 Ke5 74. a4 Kd5 75. Kf4 Kc4 76.
Kf5 Kb4 77. Kxf6 Kxa4 78. Kg5 Kb5 79. Kxh4 Kc6 80. Kg5 Kd7 81. Kg6 Ke8 82. Kg7 Ke7 83. h4 Ke6 84. h5 Kf5 85. h6 Kg5 86. h7 Kg4 87. h8=Q Kg3 1-0

[Event "*** Titled Tuesday Blitz"]
[Site "Chess.com"]
[Date "2021.03.02"]
[Round "9"]
[White "Orest_Vovk"]
[Black "Vallek86"]
[Result "0-1"]
[WhiteElo "2484"]
[BlackElo "2396"]
[TimeControl "180+1"]
[EndTime "11:49:17 PST"]
[Termination "Vallek86 won by checkmate"]

1. d4 c5 2. c3 cxd4 3. cxd4 d5 4. Nf3 Nc6 5. Bg5 Nf6 6. e3 a6 7. Nbd2 Bf5 8. Bxf6 gxf6 9. Qb3 Qd7 10. Bd3 Bg6 11.
Bxg6 hxg6 12. O-O e6 13. Rac1 Bd6 14. g3 Rh5 15. e4 Kf8 16. exd5 Rxd5 17. Qe3 Kg7 18.
Ne4 Be7 19. Nc5 Bxc5 20. dxc5 Rd8 21. Nh4 Rd3 22. Qe1 Qd4 23. b3 Rd5 24. Rc4 Qb2 25. Qa1 Rd2 26. Nf3 Qxa1 27. Rxa1 Rb2 28. Kg2 f5 29. h4 Kf6 30. h5 g5 31. h6 Kg6 32. Rh1 g4 33. h7 gxf3+ 34. Kxf3 Rd8 35. h8=Q Rxh8 36. Rxh8 Ne5+ 37. Kg2 Nxc4 38. bxc4 Rxa2 39. Rb8 Rc2 40. Rxb7 Rxc4 41. Ra7 Rxc5 42. Rxa6 Rc3 43. Ra8 Kf6 44. Rg8 e5 45. Re8 e4 46. Kg1 Rc2 47. Kg2 Re2 48. Kf1 Ra2 49. Kg2 Ra3 50. Kf1 Kg5 51.
Kg2 Ra4 52. Rg8+ Kf6 53. Re8 f4 54. gxf4 Kf5 55. Re7 f6 56. Rf7 Ra6 57. Kg3 Ra3+ 58. Kg2 Ra2 59. Kg3 Rb2 60. Rf8 Rb3+ 61. Kg2 Rb7 62.
Kf1 Rb3 63. Kg2 Rf3 64. Rh8 Rxf4 65. Rh5+ Ke6 66. Rb5 Rf5 67. Rb4 Re5 68. Kg3 Kf5 69. Ra4 Rb5 70. Ra3 Kg5 71. Ra8 Rb3+ 72. Kg2 Kf4 73.
Rf8 f5 74. Rh8 Rb2 75. Re8 Rb1 76. Re7 Rb6 77. Re8 Rg6+ 78. Kf1 Kf3 79. Ra8 Rd6 80. Ra3+ Rd3 81. Ra5 Rd1# 0-1

[Event "*** Titled Tuesday Blitz"]
[Site "Chess.com"]
[Date "2021.03.02"]
[Round "9"]
[White "Bigfish1995"]
[Black "PaulfromSPb"]
[Result "1-0"]
[WhiteElo "3115"]
[BlackElo "2736"]
[TimeControl "180+1"]
[EndTime "11:49:21 PST"]
[Termination "Bigfish1995 won by resignation"]

1. e4 e6 2. f4 d5 3. e5 c5 4. Nf3 Nc6 5. c3 d4 6. Bd3 Nge7 7. O-O Nd5 8. Be4 Nxf4 9. d3 Ng6 10.
Ng5 Ncxe5 11. Qh5 f5 12. Bf4 Nf7 13. Nxf7 Kxf7 14. g4 Qh4 15. Qxh4 Nxh4 16. gxf5 Nxf5 17. Nd2 g5 18. Be5 Bg7 19. cxd4 cxd4 20. Bg3 Bd7 21. Rac1 Rac8 22. Nc4 Ke7 23. Bxf5 exf5 24. Rce1+ Kd8 25.
Nd6 f4 26. Bf2 Rf8 27. Nxc8 Bxc8 28. Rc1 Bf5 29. Rc5 Bxd3 30. Rd1 Be2 31. Rd2 d3 32. Rxg5 Bh6 33. Rd5+ Kc7 34. R2xd3 Rg8+ 35. Kh1 Bxd3 36. Rxd3 Kc6 37. Rc3+ Kd7 38. Bxa7 Bg7 39. Rd3+ Ke6 40. Bf2 Rc8 41. Rd2 Kf5 42. Kg2 Ke4 43. Re2+ Kf5 44. Kf3 Rd8 45. Rc2 Rd3+ 46. Kg2 Rd7 47.
h3 Be5 48. b3 Ke4 49. Rc4+ Kf5 50. a4 Rd3 51. Rc5 f3+ 52. Kf1 Ke4 53. Rc4+ Kf5 54. Bc5 Rd1+ 55. Kf2 Rd3 56. b4 Rb3 57. Be3 Ke6 58.
Kxf3 Kd5 59. Rc5+ Kd6 60. Rc4 Kd5 61. Rh4 Ke6 62. Ke2 Rb2+ 63. Kd3 Rb3+ 64. Kd2 Bc3+ 65. Kc2 Rxb4 66. Rh6+ Bf6 67. Bg5 Rc4+ 68. Kd3 Rc3+ 69. Ke2 Rc2+ 70. Kf3 Rc3+ 71. Kg4 Rc4+ 72. Kh5 Rxa4 73.
Rxf6+ Ke5 74. Rf7 b5 75. Rxh7 Kd4 76. Kg6 b4 77. Bf6+ Kc5 78. h4 Ra2 79. Rb7 Rg2+ 80. Bg5 Kc4 81. h5 b3 82. h6 Kc3 83. h7 Rh2 84. Bf6+ Kc2 85. h8=Q Rxh8 86. Bxh8 1-0

[Event "*** Titled Tuesday Blitz"]
[Site "Chess.com"]
[Date "2021.03.02"]
[Round "9"]
[White "davigator"]
[Black "Gusarov91"]
[Result "0-1"]
[WhiteElo "2392"]
[BlackElo "2523"]
[TimeControl "180+1"]
[EndTime "11:49:25 PST"]
[Termination "Gusarov91 won on time"]

1. e4 c5 2. Nf3 d6 3. d4 cxd4 4.
Nxd4 Nf6 5. Nc3 a6 6. Bg5 e6 7. f4 Nbd7 8. Qe2 Qa5 9. O-O-O Be7 10. g4 h6 11. Bxf6 Bxf6 12. h4 Qb6 13. Qd2 Bxd4 14.
Qxd4 Qxd4 15. Rxd4 Ke7 16. Bg2 Rd8 17. g5 Nc5 18.
Rhd1 Rb8 19. b4 Nd7 20. Rxd6 b5 21. e5 Rb6 22. R6d4 hxg5 23. hxg5 Rh8 24. Ne4 Rh2 25. R1d2 Rh4 26. Nd6 Rxd6 27. exd6+ Kd8 28. Bc6 Nb8 29. Ba8 Bd7 30. Bb7 Bc6 31. Bxc6 Nxc6 32. Re4 Kd7 33. Kb2 g6 34. Kb3 Rh3+ 35. c3 Rf3 36.
Kc2 Rh3 37. a3 Na7 38. Kb2 Nc6 39. c4 Rf3 40. c5 Rh3 41. Rc2 Rh4 42. Kb3 Rh3+ 43.
Rc3 Rh1 44. Rf3 Rb1+ 45. Kc2 Rh1 46. Kb2 Rh2+ 47. Kb1 Rh1+ 48. Kb2 Rh2+ 49. Kc1 Rh1+ 50. Kd2 Rh2+ 51. Ke1 Nd8 52. Kf1 Nc6 53. Kg1 Rh4 54. Kg2 a5 55. Rh3 Rg4+ 56. Kf2 axb4 57. axb4 e5 58. Kf3 Rg1 59. fxe5 Ke6 60. Kf2 Rxg5 61.
Rf3 Nxe5 62. Rfe3 f6 63. c6 Kxd6 64. Rd4+ Kxc6 65. Rde4 Ng4+ 66. Rxg4 Rxg4 67. Re6+ Kd5 68. Rxf6 Kc4 69. Kf3 Rg1 70. Ke3 Kxb4 71. Kd2 Rg4 72. Kc2 Kc4 73. Rc6+ Kb4 74. Rf6 Rg3 75. Kb2 Rg2+ 76.
Kb1 g5 77. Rf3 g4 78. Re3 Ka4 79. Re8 b4 80. Re3 Rf2 81. Rg3 Rf4 82. Kb2 b3 83.
Rd3 Rf2+ 84. Kc1 Ka3 85. Rd8 Rf1+ 86. Kd2 g3 0-1

[Event "*** Titled Tuesday Blitz"]
[Site "Chess.com"]
[Date "2021.03.02"]
[Round "9"]
[White "KRSilva"]
[Black "CM_rui"]
[Result "1/2-1/2"]
[WhiteElo "2237"]
[BlackElo "2342"]
[TimeControl "180+1"]
[EndTime "11:49:27 PST"]
[Termination "Game drawn - insufficient material"]

1. d4 Nf6 2. Nf3 e6 3. c4 Bb4+ 4. Nbd2 O-O 5. g3 d5 6. b3 c5 7. dxc5 Ne4 8. Bg2 Bxc5 9. O-O Nc3 10. Qe1 Nc6 11. Bb2 Ne4 12. a3 a5 13. Rd1 Qe7 14.
Nxe4 dxe4 15. Qc3 f5 16. Ne5 Nxe5 17. Qxe5 Bxa3 18. Ba1 Ra6 19. f3 Qc5+ 20. Bd4 Qxe5 21. Bxe5 Bc5+ 22. Kh1 exf3 23. Bxf3 a4 24. bxa4 Rxa4 25.
e4 fxe4 26. Bxe4 Rxf1+ 27. Rxf1 Rxc4 28. Bd3 Ra4 29. Bb5 Ra2 30. Rd1 Bb6 31. Rc1 Ra5 32. Rxc8+ Kf7 33. Bc4 Rxe5 34. Rb8 Re1+ 35. Kg2 Bd4 36.
Rxb7+ Kf6 37. Rb3 Rc1 38. Rf3+ Ke7 39. Bd3 e5 40. Bxh7 g5 41. Be4 g4 42. Rf1 Rc3 43. Re1 Kd6 44. Bf5 Ra3 45. Bxg4 Ra2+ 46. Kf3 Rf2+ 47.
Ke4 Rxh2 48. Bf5 Rf2 49. g4 Rf4+ 50. Kd3 Kc5 51. Rc1+ Kd6 52. Rb1 Rf3+ 53. Kd2 Kc5 54. Rc1+ Kd5 55. Rb1 Rf2+ 56. Kd3 Kd6 57. Be4 Rh2 58.
Rb7 Ke6 59. Rc7 Kf6 60. Rc6+ Kg5 61. Rg6+ Kf4 62. Bf5 Rh3+ 63. Kc4 Rc3+ 64. Kd5 Rc5+ 65. Kd6 e4 66. Re6 e3 67. Re4+ Kf3 68. Rxd4 e2 69.
Re4 Rc4 70. Rxe2 Kxe2 71. Ke6 Kf3 72. Kf6 Rc6+ 73. Kg5 Kg3 74. Bg6 Rc5+ 75. Bf5 Ra5 76. Kf6 Ra6+ 77. Be6 Kf4 78. g5 Ra5 79. g6 Rg5 80. g7 Rg1 81. Bf7 Rxg7 82. Kxg7 1/2-1/2

[Event "*** Titled Tuesday Blitz"]
[Site "Chess.com"]
[Date "2021.03.02"]
[Round "9"]
[White "A-S-00"]
[Black "Grieve72"]
[Result "0-1"]
[WhiteElo "2395"]
[BlackElo "2528"]
[TimeControl "180+1"]
[EndTime "11:49:41 PST"]
[Termination "Grieve72 won by resignation"]

1. e4 c5 2. Nf3 e6 3. d4 cxd4 4.
Nxd4 Nc6 5. Nxc6 bxc6 6. c4 Nf6 7. Nc3 Bb4 8. Bd3 d5 9. cxd5 exd5 10. O-O Bxc3 11.
bxc3 dxe4 12. Bc4 O-O 13. Ba3 Re8 14. Qa4 Be6 15. Rfd1 Qc8 16. Ba6 Qc7 17. Bd6 Qd7 18. Be5 Nd5 19. c4 Nb6 20. Qc2 Qe7 21. c5 Nd7 22. Bd6 Qg5 23. g3 Bd5 24. Bf4 Qh5 25.
Be2 Qh3 26. Bf1 Qf5 27. Bg2 Rad8 28. Qc3 Ne5 29. Qe3 Nc4 30. Qc3 Ne5 31. Rab1 Nf3+ 32.
Kh1 h5 33. h3 h4 34. Qe3 hxg3 35. fxg3 Re6 36. Qf2 Rg6 37. Be3 Qe5 38. g4 Qe6 39. Bxf3 exf3 40. Re1 Qf6 41. Bd4 Qf4 42. Be5 Qc4 43. Bg3 Re6 44. Rbc1 Qxa2 45. Rxe6 Bxe6 46. Re1 Qxf2 47. Bxf2 Rd2 48. Kg1 Rc2 49. Ra1 Bd5 50.
Rxa7 Rc1+ 51. Kh2 Rc2 52. Kg3 Kh7 53. Ra8 Kg6 54. Rc8 f6 55. Rd8 Rc3 56. Rd6 Kf7 57. h4 g6 58. Rd7+ Ke6 59. Rc7 Rc4 60. Rg7 Be4 61.
Rg8 Ke5 62. Re8+ Kd5 63. Rf8 f5 64. g5 Ke5 65. h5 gxh5 66. g6 f4+ 67. Kh4 Bxg6 68.
Rg8 Be4 69. Re8+ Kf5 70. Rf8+ Ke5 71. Kxh5 Rc2 72. Re8+ Kd5 73. Bh4 f2 74. Bxf2 Rxf2 75.
Kg5 f3 76. Rd8+ Kxc5 77. Rf8 Bd5 78. Kf4 Re2 79. Kg3 f2 80. Rxf2 Rxf2 81. Kxf2 Kd4 82. Ke2 c5 83. Kd2 c4 84. Kc2 c3 85. Kc1 Be4 86. Kd1 Kd3 87. Kc1 c2 88. Kb2 Kd2 0-1